TOP OF THE 1ST |
Chicago Cubs batting - Pitching for Philadelphia Phillies : RHP Brandon Tuckson
|
Pitching: RHP Brandon Tuckson
|
|
Batting: RHB Elijah Campbell
|
0-0: Ball 1-0: Ball 2-0: Ball 3-0: Base on Balls
|
Batting: LHB Kevin Norton
|
0-0: Ball 1-0: Ball 2-0: Called Strike 2-1: SINGLE (Groundball, 6D, EV 103.8 MPH) Elijah Campbell to second
|
Batting: RHB Efrain Vargas
|
0-0: Foul Ball, location: 2F 0-1: Foul Ball, location: 2F 0-2: Strikes out looking
|
Batting: SHB Terry Tuckfard
|
Balk! Elijah Campbell to third Kevin Norton to second 0-0: SINGLE (Groundball, 23, EV 63.8 MPH) (infield hit)
|
Batting: RHB Josh Kalman
|
0-0: Swinging Strike 0-1: DOUBLE (Line Drive, 89D, EV 104.4 MPH) Elijah Campbell scores Kevin Norton scores Terry Tuckfard to third Runner from 3rd tries for Home, SAFE, throw by CF to home
|
Batting: RHB Kaeo Zirpoli
|
0-0: Ball 1-0: Ground out 6-3 (Groundball, 56, EV 105.0 MPH)
|
Batting: RHB Jamie Ogilvie
|
0-0: Ball 1-0: Ball 2-0: Ball 3-0: Base on Balls
|
Batting: RHB Andy Wasierski
|
0-0: Ball 1-0: Ball 2-0: Called Strike 2-1: Foul Ball, location: 2F 2-2: SINGLE (Groundball, 4D, EV 94.4 MPH) Josh Kalman to third Jamie Ogilvie to second Runner from 3rd tries for Home, throw by RF and OUT! 9-2
|
Top of the 1st over - 3 runs, 4 hits, 0 errors, 2 left on base; Chicago 3 - Philadelphia 0 |
BOTTOM OF THE 1ST |
Philadelphia Phillies batting - Pitching for Chicago Cubs : RHP Chris Ishii
|
Pitching: RHP Chris Ishii
|
|
Batting: LHB Nick Canizales
|
0-0: Ball 1-0: Foul Ball, location: 2F 1-1: SINGLE (Line Drive, 9LS, EV 100.0 MPH)
|
Batting: RHB Chef Belew
|
0-0: Ball 1-0: Ball 2-0: Foul Ball, location: 2F 2-1: Grounds into double play, 4-6-3 (Groundball, 4, EV 94.4 MPH)
|
Batting: LHB Rich Sullivan
|
0-0: Ball 1-0: SOLO HOME RUN (Flyball, 89XD, EV 112.5 MPH), Distance : 433 ft
|
Batting: LHB Alberto Figueroa
|
0-0: Called Strike 0-1: Called Strike 0-2: Strikes out swinging
|
Bottom of the 1st over - 1 run, 2 hits, 0 errors, 0 left on base; Chicago 3 - Philadelphia 1 |
TOP OF THE 2ND |
Chicago Cubs batting - Pitching for Philadelphia Phillies : RHP Brandon Tuckson
|
Batting: SHB Nick Chandler
|
0-0: Called Strike 0-1: Ball 1-1: Called Strike 1-2: Foul Ball, location: 2F 1-2: Ball 2-2: Ball 3-2: Base on Balls
|
Batting: RHB Elijah Campbell
|
0-0: Foul Ball, location: 2F 0-1: Grounds into double play, 5-4-3 (Groundball, 56, EV 98.8 MPH)
|
Batting: LHB Kevin Norton
|
0-0: Called Strike 0-1: Fly out, F9 (Flyball, 89S, EV 65.0 MPH)
|
Top of the 2nd over - 0 runs, 0 hits, 0 errors, 0 left on base; Chicago 3 - Philadelphia 1 |
BOTTOM OF THE 2ND |
Philadelphia Phillies batting - Pitching for Chicago Cubs : RHP Chris Ishii
|
Batting: LHB Jeff Luvisi
|
0-0: Foul Ball, location: 2F 0-1: Called Strike 0-2: Strikes out swinging
|
Batting: LHB Eric Katz
|
0-0: Swinging Strike 0-1: Foul Ball, location: 2F 0-2: Ground out 6-3 (Groundball, 56, EV 80.6 MPH)
|
Batting: RHB Raul de la Cruz
|
0-0: SOLO HOME RUN (Flyball, 9D, EV 100.6 MPH), Distance : 366 ft
|
Batting: RHB Bill O'Neal
|
0-0: Called Strike 0-1: Ball 1-1: Foul Ball, location: 2F 1-2: Ball 2-2: Foul Ball, location: 2F 2-2: Strikes out swinging
|
Bottom of the 2nd over - 1 run, 1 hit, 0 errors, 0 left on base; Chicago 3 - Philadelphia 2 |
TOP OF THE 3RD |
Chicago Cubs batting - Pitching for Philadelphia Phillies : RHP Brandon Tuckson
|
Batting: RHB Efrain Vargas
|
0-0: Called Strike 0-1: Ball 1-1: SINGLE (Groundball, 4MD, EV 96.3 MPH)
|
Batting: SHB Terry Tuckfard
|
0-0: Foul Ball, location: 2F 0-1: Foul Ball, location: 2F 0-2: Ball 1-2: Foul Ball, location: 2F 1-2: Ball 2-2: Ball 3-2: Fly out, F7 (Line Drive, 7, EV 91.3 MPH)
|
Batting: RHB Josh Kalman
|
0-0: Ball 1-0: Ball 2-0: Ball 3-0: Called Strike 3-1: Foul Ball, location: 2F 3-2: Base on Balls Efrain Vargas to second
|
Batting: RHB Kaeo Zirpoli
|
0-0: Called Strike 0-1: Swinging Strike 0-2: Foul Ball, location: 2F 0-2: Grounds into double play, 4-6-3 (Groundball, 4, EV 82.5 MPH)
|
Top of the 3rd over - 0 runs, 1 hit, 0 errors, 1 left on base; Chicago 3 - Philadelphia 2 |
BOTTOM OF THE 3RD |
Philadelphia Phillies batting - Pitching for Chicago Cubs : RHP Chris Ishii
|
Batting: RHB Luis Arce
|
0-0: Ball 1-0: Ball 2-0: Called Strike 2-1: Called Strike 2-2: Ball 3-2: Strikes out swinging
|
Batting: LHB Nick Canizales
|
0-0: Fly out, F9 (Line Drive, 9, EV 87.5 MPH)
|
Batting: RHB Chef Belew
|
0-0: Called Strike 0-1: Swinging Strike 0-2: Foul Ball, location: 2F 0-2: Foul Ball, location: 2F 0-2: Strikes out swinging
|
Bottom of the 3rd over - 0 runs, 0 hits, 0 errors, 0 left on base; Chicago 3 - Philadelphia 2 |
TOP OF THE 4TH |
Chicago Cubs batting - Pitching for Philadelphia Phillies : RHP Brandon Tuckson
|
Batting: RHB Jamie Ogilvie
|
0-0: Ball 1-0: Foul Ball, location: 2F 1-1: Ball 2-1: Ball 3-1: Swinging Strike 3-2: Strikes out swinging
|
Batting: RHB Andy Wasierski
|
0-0: Called Strike 0-1: Ball 1-1: Ball 2-1: Ball 3-1: Base on Balls
|
Batting: SHB Nick Chandler
|
0-0: Called Strike Andy Wasierski steals 2nd base 0-1: Fly out, F8 (Flyball, 8LD, EV 85.6 MPH)
|
Pitching: RHP Chris Faulkner
|
|
Batting: RHB Elijah Campbell
|
0-0: Ball 1-0: Called Strike 1-1: Ground out 6-3 (Groundball, 6, EV 80.0 MPH)
|
Top of the 4th over - 0 runs, 0 hits, 0 errors, 1 left on base; Chicago 3 - Philadelphia 2 |
BOTTOM OF THE 4TH |
Philadelphia Phillies batting - Pitching for Chicago Cubs : RHP Chris Ishii
|
Batting: LHB Rich Sullivan
|
0-0: Ball 1-0: SOLO HOME RUN (Flyball, 9D, EV 98.8 MPH), Distance : 363 ft
|
Batting: LHB Alberto Figueroa
|
0-0: Ball 1-0: Ball 2-0: Called Strike 2-1: Foul Ball, location: 2F 2-2: Strikes out looking
|
Batting: LHB Jeff Luvisi
|
0-0: Called Strike 0-1: Called Strike 0-2: Ball 1-2: Ball 2-2: Ball 3-2: Fly out, F8 (Flyball, 8LS, EV 93.1 MPH)
|
Batting: LHB Eric Katz
|
0-0: Hit by Pitch
|
Batting: RHB Raul de la Cruz
|
0-0: Foul Ball, location: 2F 0-1: Ball 1-1: Ground out 4-3 (Groundball, 4MS, EV 86.3 MPH)
|
Bottom of the 4th over - 1 run, 1 hit, 0 errors, 1 left on base; Chicago 3 - Philadelphia 3 |
TOP OF THE 5TH |
Chicago Cubs batting - Pitching for Philadelphia Phillies : RHP Chris Faulkner
|
Batting: LHB Kevin Norton
|
0-0: Ball 1-0: Ball 2-0: Foul Ball, location: 2F 2-1: Ball 3-1: Called Strike 3-2: Fly out, F9 (Line Drive, 9S, EV 95.6 MPH)
|
Batting: RHB Efrain Vargas
|
0-0: Called Strike 0-1: Ball 1-1: DOUBLE (Line Drive, 3D, EV 105.0 MPH)
|
Batting: SHB Terry Tuckfard
|
0-0: Called Strike 0-1: Ball 1-1: Foul Ball, location: 2F 1-2: Foul Ball, location: 2F 1-2: Foul Ball, location: 2F 1-2: SINGLE (Line Drive, 8LS, EV 105.6 MPH) Efrain Vargas to third
|
Batting: RHB Josh Kalman
|
0-0: Ball 1-0: Ball Terry Tuckfard steals 2nd base 2-0: Ball 3-0: Base on Balls
|
Batting: RHB Kaeo Zirpoli
|
0-0: Ball 1-0: Foul Ball, location: 2F 1-1: Foul Ball, location: 2F 1-2: Strikes out looking
|
Pinch Hitting: SHB Gerardo Flores
|
0-0: Ball 1-0: Ball 2-0: Ball 3-0: Called Strike 3-1: Base on Balls Efrain Vargas scores Terry Tuckfard to third Josh Kalman to second
|
Pinch Hitting: SHB Art Kent
|
0-0: Foul Ball, location: 2F 0-1: Swinging Strike 0-2: Foul Ball, location: 2F 0-2: Ball 1-2: Ground out U3 (Groundball, 34, EV 90.6 MPH)
|
Top of the 5th over - 1 run, 2 hits, 0 errors, 3 left on base; Chicago 4 - Philadelphia 3 |
BOTTOM OF THE 5TH |
Philadelphia Phillies batting - Pitching for Chicago Cubs : RHP Chris Ishii
|
Pitching: RHP Gabe Wagner
|
|
Now at 2B: Shintaro Katsumata
|
|
Now at SS: Yasuhide Kasahara
|
|
Batting: RHB Bill O'Neal
|
0-0: Called Strike 0-1: Ball 1-1: Ball 2-1: Foul Ball, location: 2F 2-2: Ball 3-2: Base on Balls
|
Batting: RHB Luis Arce
|
0-0: Ball 1-0: Ball 2-0: Called Strike 2-1: Ball 3-1: Called Strike 3-2: Strikes out looking
|
Batting: LHB Nick Canizales
|
0-0: Ball 1-0: SINGLE (Groundball, 4S, EV 63.8 MPH) (infield hit) Bill O'Neal to second
|
Batting: RHB Chef Belew
|
0-0: Foul Ball, location: 2F 0-1: Foul Ball, location: 2F 0-2: DOUBLE (Line Drive, 9LS, EV 105.0 MPH) Bill O'Neal scores Nick Canizales to third Runner from 3rd tries for Home, SAFE, no throw by RF
|
Batting: LHB Rich Sullivan
|
0-0: Ball 1-0: Ball 2-0: Ball 3-0: Called Strike 3-1: Called Strike 3-2: Base on Balls
|
Batting: LHB Alberto Figueroa
|
0-0: Called Strike 0-1: Ball 1-1: Ball 2-1: Ball 3-1: Swinging Strike 3-2: Base on Balls Chef Belew to third Rich Sullivan to second
|
Batting: LHB Jeff Luvisi
|
0-0: Ball 1-0: Called Strike 1-1: Foul Ball, location: 2F 1-2: DOUBLE (Line Drive, 9LD, EV 101.3 MPH) Chef Belew scores Rich Sullivan scores Alberto Figueroa to third
|
Pitching: RHP Bryant Bradley
|
|
Batting: LHB Eric Katz
|
0-0: Ball 1-0: Foul Ball, location: 2F 1-1: Called Strike 1-2: Strikes out swinging
|
Batting: RHB Raul de la Cruz
|
0-0: Ball 1-0: Ball 2-0: Ball 3-0: Base on Balls
|
Batting: RHB Bill O'Neal
|
0-0: Ball 1-0: Ground out U3 (Groundball, 34S, EV 88.1 MPH)
|
Bottom of the 5th over - 4 runs, 3 hits, 0 errors, 3 left on base; Chicago 4 - Philadelphia 7 |
TOP OF THE 6TH |
Chicago Cubs batting - Pitching for Philadelphia Phillies : RHP Chris Faulkner
|
Batting: SHB Nick Chandler
|
0-0: Called Strike 0-1: Ball 1-1: Ball 2-1: Swinging Strike 2-2: Strikes out swinging
|
Batting: RHB Will Leslie
|
0-0: Ball 1-0: Swinging Strike 1-1: Foul Ball, location: 2F 1-2: Strikes out swinging
|
Pinch Hitting: LHB Barend van der Kamp
|
0-0: Foul Ball, location: 2F 0-1: Swinging Strike 0-2: Strikes out swinging
|
Top of the 6th over - 0 runs, 0 hits, 0 errors, 0 left on base; Chicago 4 - Philadelphia 7 |
BOTTOM OF THE 6TH |
Philadelphia Phillies batting - Pitching for Chicago Cubs : RHP Bryant Bradley
|
Now in RF: Barend van der Kamp
|
|
Batting: RHB Luis Arce
|
0-0: Ball 1-0: Ball 2-0: Called Strike 2-1: Ball 3-1: Swinging Strike 3-2: Base on Balls
|
Pinch Hitting: RHB Mitch Boyd
|
0-0: Ball 1-0: Called Strike 1-1: Fielders Choice at 2nd, 1-4 (Groundball, 15S, EV 73.8 MPH)
|
Batting: RHB Chef Belew
|
0-0: Ball 1-0: Ball 2-0: Swinging Strike 2-1: Foul Ball, location: 2F 2-2: Ball 3-2: Fly out, F7 (Flyball, 7LS, EV 72.5 MPH)
|
Batting: RHB Ji-an Li
|
0-0: Ball 1-0: Ground out U3 (Groundball, 3, EV 86.3 MPH)
|
Bottom of the 6th over - 0 runs, 0 hits, 0 errors, 1 left on base; Chicago 4 - Philadelphia 7 |
TOP OF THE 7TH |
Chicago Cubs batting - Pitching for Philadelphia Phillies : RHP Chris Faulkner
|
Pitching: LHP Josh Turner
|
|
Now at 2B: Mitch Boyd
|
|
Pinch Hitting: RHB Steve Bui
|
0-0: Called Strike 0-1: Ball 1-1: Fly out, F8 (Line Drive, 8RM, EV 94.4 MPH)
|
Batting: SHB Terry Tuckfard
|
0-0: Ball 1-0: Ball 2-0: Ball 3-0: Fly out, F8 (Flyball, 89D, EV 101.9 MPH)
|
Pinch Hitting: SHB Tim Hone
|
0-0: Ball 1-0: Called Strike 1-1: Fly out, F7 (Flyball, 7, EV 91.3 MPH)
|
Top of the 7th over - 0 runs, 0 hits, 0 errors, 0 left on base; Chicago 4 - Philadelphia 7 |
BOTTOM OF THE 7TH |
Philadelphia Phillies batting - Pitching for Chicago Cubs : RHP Bryant Bradley
|
Pitching: RHP Nate Jackson
|
|
Now at 1B: Steve Bui
|
|
Now in LF: Tim Hone
|
|
Pinch Hitting: RHB Matt Sanders
|
0-0: Called Strike 0-1: Called Strike 0-2: Strikes out swinging
|
Pinch Hitting: SHB Danny Silvers
|
0-0: Called Strike 0-1: Ball 1-1: Fly out, F8 (Line Drive, 8RM, EV 95.0 MPH)
|
Pinch Hitting: LHB Ryan Trombley
|
0-0: Swinging Strike 0-1: Foul Ball, location: 2F 0-2: Strikes out swinging
|
Bottom of the 7th over - 0 runs, 0 hits, 0 errors, 0 left on base; Chicago 4 - Philadelphia 7 |
TOP OF THE 8TH |
Chicago Cubs batting - Pitching for Philadelphia Phillies : LHP Josh Turner
|
Now in LF: Nick Beggs
|
|
Now in CF: Ryan Trombley
|
|
Now in RF: Matt Sanders
|
|
Pinch Hitting: SHB Seung-ho Zhang
|
0-0: Ball 1-0: SINGLE (Groundball, 6MD, EV 98.1 MPH)
|
Batting: RHB Yasuhide Kasahara
|
0-0: Ball 1-0: Called Strike 1-1: Ball 2-1: Grounds into double play, 4-6-3 (Groundball, 4, EV 106.3 MPH)
|
Batting: RHB Shintaro Katsumata
|
0-0: Called Strike 0-1: Ball 1-1: Foul Ball, location: 2F 1-2: Strikes out swinging
|
Top of the 8th over - 0 runs, 1 hit, 0 errors, 0 left on base; Chicago 4 - Philadelphia 7 |
BOTTOM OF THE 8TH |
Philadelphia Phillies batting - Pitching for Chicago Cubs : RHP Nate Jackson
|
Now in CF: Seung-ho Zhang
|
|
Batting: RHB Raul de la Cruz
|
0-0: Ball 1-0: SOLO HOME RUN (Flyball, 7D, EV 115.0 MPH), Distance : 437 ft
|
Pinch Hitting: SHB Patrick Kimmel
|
0-0: Ball 1-0: Swinging Strike 1-1: Foul Ball, location: 2F 1-2: Strikes out swinging
|
Batting: RHB Luis Arce
|
0-0: Called Strike 0-1: Foul Ball, location: 2F 0-2: SINGLE (Groundball, 56S, EV 66.9 MPH) (infield hit)
|
Batting: RHB Mitch Boyd
|
0-0: Ball 1-0: Called Strike 1-1: Foul Ball, location: 2F 1-2: Strikes out swinging
|
Batting: RHB Chef Belew
|
0-0: Called Strike 0-1: Called Strike 0-2: Strikes out looking
|
Bottom of the 8th over - 1 run, 2 hits, 0 errors, 1 left on base; Chicago 4 - Philadelphia 8 |
TOP OF THE 9TH |
Chicago Cubs batting - Pitching for Philadelphia Phillies : LHP Josh Turner
|
Now at 3B: Patrick Kimmel
|
|
Batting: SHB Nick Chandler
|
0-0: Called Strike 0-1: Called Strike 0-2: Ball 1-2: Ball 2-2: Fly out, F4 (Popup, 4MD, EV 72.5 MPH)
|
Batting: RHB Will Leslie
|
0-0: Ground out 4-3 (Groundball, 34, EV 109.4 MPH)
|
Batting: LHB Barend van der Kamp
|
0-0: Swinging Strike 0-1: Ball 1-1: Ball 2-1: Called Strike 2-2: Foul Ball, location: 2F 2-2: Ball 3-2: Strikes out swinging
|
Top of the 9th over - 0 runs, 0 hits, 0 errors, 0 left on base; Chicago 4 - Philadelphia 8 |
|